Gulls vs Moose
(R1)
Created - November 9, 2024 at 19:29
Goals
|
| Gulls |
1 |
1 |
1 |
0 |
1 |
4 |
| Moose |
1 |
0 |
2 |
0 |
0 |
3 |
|
Shots
|
| Gulls |
12 |
9 |
11 |
0 |
3 |
32 |
| Moose |
10 |
11 |
18 |
0 |
3 |
39 |
|
1st period
1. Gulls , Scott Wilson 3 (Sergey Tolchinsky 1) at 0:31
2. Moose , Mitchell Stephens 2 (Ludwig Bystrom 6, Boris Katchouk 4) at 14:28
Penalties :
Ludwig Bystrom (Man) for Roughing (Minor) at 16:31
2nd period
3. Gulls , Anton Blidh 3 (Logan Brown 6) at 4:11
Penalties :
Logan Brown (S.D) for Diving (Minor) at 0:23, Caleb Jones (Man) for Tripping (Minor) at 7:49, Scott Wilson (S.D) for Tripping (Minor) at 19:36
3rd period
4. Gulls , Anton Blidh 4 (Logan Brown 7) at 10:38 (SH)
5. Moose , Jake Leschyshyn 4 (Julien Gauthier 7, Nick Paul 7) at 13:56
6. Moose , Anders Bjork 5 (Matthew Benning 5, Ludwig Bystrom 7) at 14:39 (PP)
Penalties :
Anders Bjork (Man) for Holding (Minor) at 4:18, Morgan Frost (S.D) for Tripping (Minor) at 9:16, Logan Brown (S.D) for Tripping (Minor) at 14:03, Caleb Jones (Man) for Roughing (Minor) at 15:36
Overtime #1
No Goal
Penalties :
No Penalty
Shootout
Gulls, Jakub Vrana - Goal!
Moose, Jake Leschyshyn - Shot Misses the Net
Gulls, Logan Brown - Stopped by Filip Gustavsson
Moose, Chase De Leo - Shot Misses the Net
Gulls, Scott Wilson - Stopped by Filip Gustavsson
Moose, Nick Paul - Stopped by Louis Domingue
Penalties :
No Penalty
Goalie Stats
Louis Domingue (S.D), 36 saves from 39 shots - (0.923), W, 2-5-1, 65:00 minutes
Filip Gustavsson (Man), 29 saves from 32 shots - (0.906), OTL, 4-3-1, 65:00 minutes
Players Stats for Gulls
Player Name G A P +/- PIM S H SB GA TA FO MP PP MP PK MP
------------------------------------------------------------------------------------
Andrei Mironov 0 0 0 -1 0 4 0 0 0 3 0/0 30:28 4:41 5:16
Anton Blidh 2 0 2 1 0 7 2 1 1 0 0/0 25:56 4:21 4:32
Barrett Hayton 0 0 0 -1 0 1 0 1 1 0 0/2 9:19 0:00 1:44
Connor Clifton 0 0 0 0 0 0 0 1 1 0 0/0 11:53 0:00 0:00
Dean Kukan 0 0 0 -1 0 1 1 3 0 0 0/0 30:51 4:41 5:16
Dylan DeMelo 0 0 0 2 0 1 0 0 1 0 0/0 20:32 3:15 1:17
Henri Ikonen 0 0 0 0 0 0 2 0 1 0 0/1 10:59 0:01 1:07
Jack Glover 0 0 0 2 0 1 1 0 1 0 0/0 19:23 3:15 1:17
Jakub Vrana 0 0 0 0 0 0 1 1 0 0 0/0 21:10 4:21 0:00
Logan Brown 0 2 2 1 4 3 2 0 2 1 19/41 24:38 4:21 2:50
Luke Kunin 0 0 0 0 0 1 1 0 0 0 2/5 9:09 0:00 0:00
Mikhail Maltsev 0 0 0 -1 0 0 0 1 0 0 0/0 6:58 0:00 0:00
Morgan Frost 0 0 0 1 2 3 1 1 0 0 7/15 17:37 3:34 0:31
Nick Merkley 0 0 0 -1 0 1 1 1 0 0 0/0 7:54 0:00 0:00
Scott Wilson 1 0 1 1 2 7 2 1 0 0 0/1 18:16 3:35 0:00
Sergey Tolchinsky 0 1 1 1 0 2 3 0 0 0 0/3 20:18 3:34 2:22
Tarmo Reunanen 0 0 0 0 0 0 0 1 0 1 0/0 11:53 0:00 0:00
Troy Terry 0 0 0 0 0 0 3 0 0 1 0/0 11:09 0:01 0:00
Players Stats for Moose
Player Name G A P +/- PIM S H SB GA TA FO MP PP MP PK MP
------------------------------------------------------------------------------------
Anders Bjork 1 0 1 -3 2 4 1 1 0 0 0/0 19:47 2:20 2:21
Boris Katchouk 0 1 1 1 0 5 1 0 1 0 0/0 10:05 0:00 0:00
Caleb Jones 0 0 0 0 4 0 3 0 0 0 0/0 19:36 1:50 1:26
Chase De Leo 0 0 0 -3 0 2 1 1 0 1 6/14 21:41 2:20 4:14
Jake Leschyshyn 1 0 1 1 0 3 2 1 1 0 26/43 25:51 4:13 3:58
Jaret Anderson-Dolan 0 0 0 0 0 2 2 2 0 0 2/2 8:22 0:00 2:01
Joey Keane 0 0 0 0 0 2 0 1 0 1 0/0 14:43 0:00 2:44
Josh Mahura 0 0 0 0 0 0 0 1 0 0 0/0 12:20 0:00 0:00
Julien Gauthier 0 1 1 1 0 8 1 0 2 0 1/1 22:01 4:13 0:00
Juuso Valimaki 0 0 0 0 0 0 0 0 0 1 0/0 22:10 1:50 3:16
Kieffer Bellows 0 0 0 1 0 0 0 1 0 0 0/0 9:06 0:00 0:00
Kristian Vesalainen 0 0 0 0 0 2 0 0 0 0 0/0 7:12 0:00 0:48
Ludwig Bystrom 0 2 2 -1 2 4 5 1 1 2 0/0 27:39 4:43 3:41
Lukas Rousek 0 0 0 0 0 0 1 0 1 0 0/0 6:01 0:00 0:00
Matthew Benning 0 1 1 -1 0 2 1 1 0 0 0/0 28:57 4:43 4:45
Mitchell Stephens 1 0 1 1 0 2 0 0 0 0 4/6 9:15 0:00 0:08
Nick Paul 0 1 1 1 0 1 0 1 0 2 1/2 24:41 4:13 2:22
Vinni Lettieri 0 0 0 -3 0 2 0 1 0 1 0/0 17:33 2:20 0:00
3 Stars
1 - Anton Blidh (S.D)
2 - Jake Leschyshyn (Man)
3 - Scott Wilson (S.D)
Power Play
Gulls - 0 on 4 Attempt(s) - 0.00%
Moose - 1 on 4 Attempt(s) - 25.00%
Penalty Kill
Gulls - 3 on 4 Attempt(s) - 75.00%
- Score 1 goal in Penalty Kill
Moose - 4 on 4 Attempt(s) - 100.00%
- Score 0 goal in Penalty Kill
Team Stat
Gulls - Hits : 20 - Faceoff Wins : 28 - Blocked Shots : 12 - Penalty Minutes : 8
Moose - Hits : 18 - Faceoff Wins : 40 - Blocked Shots : 12 - Penalty Minutes : 8
Official
Referees : Justin St. Pierre and Kyle Rehman
Linesman : Steve Miller and Devin Berg
Game Notes
11:25 of 3rd period - Moose goal is going for a video replay. After video review, No Goal. The attacking player has interfered with a goalkeeper in his goal crease.
Finance
Level 1 -- Attendance: 1803 (90.15%) -- Ticket Income $126,210
Level 2 -- Attendance: 1000 (100.00%) -- Ticket Income $40,000
Total Attendance: 2803 (93.43%)
Total Ticket Income: $166,210
Other Income: $8,310
Total Income: $174,520
Gulls
5 vs 5 Forward
Center Left Wing Right Wing Time % Phy DF OF
1 Logan Brown Anton Blidh Jakub Vrana 40 0 2 3
2 Morgan Frost Sergey Tolchinsky Scott Wilson 30 0 2 3
3 Luke Kunin Henri Ikonen Troy Terry 20 0 2 3
4 Barrett Hayton Mikhail Maltsev Nick Merkley 10 0 2 3
5 vs 5 Defense
Defense Defense Time % Phy DF OF
1 Dean Kukan Andrei Mironov 40 0 2 3
2 Dylan DeMelo Jack Glover 30 0 3 2
3 Connor Clifton Tarmo Reunanen 20 0 2 3
4 Dean Kukan Andrei Mironov 10 0 2 3
PowerPlay Forward
Center Left Wing Right Wing Time % Phy DF OF
1 Logan Brown Anton Blidh Jakub Vrana 60 0 1 4
2 Morgan Frost Sergey Tolchinsky Scott Wilson 40 0 1 4
PowerPlay Defense
Defense Defense Time % Phy DF OF
1 Dean Kukan Andrei Mironov 60 0 2 3
2 Dylan DeMelo Jack Glover 40 0 2 3
Penalty Kill 4 Players Forward
Center Wing Time % Phy DF OF
1 Logan Brown Anton Blidh 60 0 4 1
2 Morgan Frost Sergey Tolchinsky 40 0 4 1
Penalty Kill 4 Players Defense
Defense Defense Time % Phy DF OF
1 Dean Kukan Andrei Mironov 60 0 4 1
2 Dylan DeMelo Jack Glover 40 0 4 1
Penalty Kill - 3 Players Forward
Forward Time % Phy DF OF
1 Logan Brown 60 0 5 0
2 Morgan Frost 40 0 5 0
Penalty Kill - 3 Players Defense
Defense Defense Time % Phy DF OF
1 Dean Kukan Andrei Mironov 60 0 5 0
2 Dylan DeMelo Jack Glover 40 0 5 0
4 vs 4 Forward
Center Wing Time % Phy DF OF
1 Logan Brown Anton Blidh 60 0 2 3
2 Morgan Frost Sergey Tolchinsky 40 0 2 3
4 vs 4 Defense
Defense Defense Time % Phy DF OF
1 Dean Kukan Andrei Mironov 60 0 2 3
2 Dylan DeMelo Jack Glover 40 0 2 3
Last Minutes Offensive
Center Left Wing Right Wing Defense Defense
Logan Brown Anton Blidh Jakub Vrana Dean Kukan Andrei Mironov
Last Minutes Defensive
Center Left Wing Right Wing Defense Defense
Logan Brown Anton Blidh Jakub Vrana Dean Kukan Andrei Mironov
Goaltenders
Starting : Louis Domingue
Backup : Eamon McAdam
Extra Forwards
Normal : Sergey Tolchinsky, Troy Terry, Morgan Frost - PP : Sergey Tolchinsky, Troy Terry - PK : Sergey Tolchinsky
Extra Defensemen
Normal : Jack Glover, Connor Clifton, Tarmo Reunanen - PP : Jack Glover - PK : Jack Glover, Connor Clifton
Penalty Shots
Jakub Vrana, Logan Brown, Scott Wilson, Anton Blidh, Sergey Tolchinsky
Custom OT Lines Forwards
Jakub Vrana, Logan Brown, Scott Wilson, Anton Blidh, Sergey Tolchinsky, Troy Terry, Morgan Frost, Nick Merkley, Henri Ikonen, Mikhail Maltsev
Custom OT Lines Defensemen
Dean Kukan, Andrei Mironov, Dylan DeMelo, Jack Glover, Connor Clifton
Scratches
Branden Troock (Healthy), Damien Giroux (Healthy), Jake Pivonka (Healthy), Francis Perron (Healthy), Ryan Collins (Healthy)
Taylor Leier (Healthy), MacKenzie Entwistle (Healthy), Zack MacEwen (Healthy), Niklas Nordgren (Healthy), John Beecher (Healthy)
Massimo Rizzo (Healthy), Markus Niemelainen (Healthy), Drew Helleson (Healthy), Pavel Dorofeyev (Healthy), Alexis Gravel (Healthy)
Connor Ingram (Healthy), Mads Sogaard (Healthy)
Moose
5 vs 5 Forward
Center Left Wing Right Wing Time % Phy DF OF
1 Jake Leschyshyn Nick Paul Julien Gauthier 40 1 2 2
2 Chase De Leo Anders Bjork Vinni Lettieri 30 1 2 2
3 Mitchell Stephens Boris Katchouk Kieffer Bellows 20 1 2 2
4 Jaret Anderson-Dolan Kristian Vesalainen Lukas Rousek 10 1 2 2
5 vs 5 Defense
Defense Defense Time % Phy DF OF
1 Ludwig Bystrom Matthew Benning 40 1 2 2
2 Juuso Valimaki Caleb Jones 30 1 2 2
3 Josh Mahura Joey Keane 20 1 2 2
4 Ludwig Bystrom Matthew Benning 10 1 2 2
PowerPlay Forward
Center Left Wing Right Wing Time % Phy DF OF
1 Jake Leschyshyn Nick Paul Julien Gauthier 60 1 2 2
2 Chase De Leo Anders Bjork Vinni Lettieri 40 1 2 2
PowerPlay Defense
Defense Defense Time % Phy DF OF
1 Ludwig Bystrom Matthew Benning 60 1 2 2
2 Juuso Valimaki Caleb Jones 40 1 2 2
Penalty Kill 4 Players Forward
Center Wing Time % Phy DF OF
1 Jake Leschyshyn Chase De Leo 60 1 2 2
2 Nick Paul Anders Bjork 40 1 2 2
Penalty Kill 4 Players Defense
Defense Defense Time % Phy DF OF
1 Ludwig Bystrom Matthew Benning 60 1 2 2
2 Juuso Valimaki Caleb Jones 40 1 2 2
Penalty Kill - 3 Players Forward
Forward Time % Phy DF OF
1 Jake Leschyshyn 60 1 2 2
2 Chase De Leo 40 1 2 2
Penalty Kill - 3 Players Defense
Defense Defense Time % Phy DF OF
1 Ludwig Bystrom Matthew Benning 60 1 2 2
2 Juuso Valimaki Caleb Jones 40 1 2 2
4 vs 4 Forward
Center Wing Time % Phy DF OF
1 Jake Leschyshyn Chase De Leo 60 1 2 2
2 Nick Paul Anders Bjork 40 1 2 2
4 vs 4 Defense
Defense Defense Time % Phy DF OF
1 Ludwig Bystrom Matthew Benning 60 1 2 2
2 Juuso Valimaki Caleb Jones 40 1 2 2
Last Minutes Offensive
Center Left Wing Right Wing Defense Defense
Jake Leschyshyn Nick Paul Julien Gauthier Ludwig Bystrom Matthew Benning
Last Minutes Defensive
Center Left Wing Right Wing Defense Defense
Chase De Leo Nick Paul Julien Gauthier Ludwig Bystrom Matthew Benning
Goaltenders
Starting : Filip Gustavsson
Backup : Daniel Vladar
Extra Forwards
Normal : Julien Gauthier, Boris Katchouk, Jake Leschyshyn - PP : Jake Leschyshyn, Boris Katchouk - PK : Jake Leschyshyn
Extra Defensemen
Normal : Josh Mahura, Joey Keane, Juuso Valimaki - PP : Josh Mahura - PK : Joey Keane, Juuso Valimaki
Penalty Shots
Jake Leschyshyn, Chase De Leo, Nick Paul, Anders Bjork, Julien Gauthier
Custom OT Lines Forwards
Jake Leschyshyn, Chase De Leo, Nick Paul, Anders Bjork, Julien Gauthier, Vinni Lettieri, Boris Katchouk, Kieffer Bellows, Mitchell Stephens, Lukas Rousek
Custom OT Lines Defensemen
Ludwig Bystrom, Matthew Benning, Juuso Valimaki, Caleb Jones, Josh Mahura
Scratches
Riley Damiani (Healthy), Alexander Khovanov (Healthy), Nelson Nogier (Healthy), Adam Ginning (Healthy), Jonny Tychonick (Healthy)
Max Jones (Healthy), Nathan Bastian (Healthy), William Bitten (Healthy), Jonatan Berggren (Healthy), Juuso Parssinen (Healthy)
Joey Daccord (Healthy), Karel Vejmelka (Healthy)
% Time on Ice - Gulls
Lines # - Real PCT - Wanted PCT - Time Play
Normal Forward
1 - 36% - 40% - 16:14
2 - 29% - 30% - 13:10
3 - 20% - 20% - 9:09
4 - 15% - 10% - 6:58
Normal Defense
1 - 40% - 40% - 18:06
2 - 33% - 30% - 14:51
3 - 26% - 20% - 11:53
4 - 2% - 10% - 0:41
PP Forward
1 - 55% - 60% - 4:21
2 - 45% - 40% - 3:35
PP Defense
1 - 59% - 60% - 4:41
2 - 41% - 40% - 3:15
PK Forward
1 - 86% - 60% - 5:39
2 - 14% - 40% - 0:54
PK Defense
1 - 80% - 60% - 5:16
2 - 20% - 40% - 1:17
PK3 Forward
1 - 0% - 60%
2 - 0% - 40%
PK3 Defense
1 - 0% - 60%
2 - 0% - 40%
44 Forward
1 - 0% - 60%
2 - 0% - 40%
44 Defense
1 - 0% - 60%
2 - 0% - 40%
Last Minute Offensive - 0:00
Last Minute Defensive - 0:00
Total
Forward - 60:00
Defense - 60:00
|
% Time on Ice - Moose
Lines # - Real PCT - Wanted PCT - Time Play
Normal Forward
1 - 37% - 40% - 16:52
2 - 31% - 30% - 13:58
3 - 19% - 20% - 8:40
4 - 13% - 10% - 6:01
Normal Defense
1 - 37% - 40% - 16:42
2 - 35% - 30% - 15:53
3 - 27% - 20% - 12:20
4 - 1% - 10% - 0:36
PP Forward
1 - 64% - 60% - 4:13
2 - 36% - 40% - 2:20
PP Defense
1 - 72% - 60% - 4:43
2 - 28% - 40% - 1:50
PK Forward
1 - 77% - 60% - 6:07
2 - 23% - 40% - 1:49
PK Defense
1 - 57% - 60% - 4:29
2 - 43% - 40% - 3:27
PK3 Forward
1 - 0% - 60%
2 - 0% - 40%
PK3 Defense
1 - 0% - 60%
2 - 0% - 40%
44 Forward
1 - 0% - 60%
2 - 0% - 40%
44 Defense
1 - 0% - 60%
2 - 0% - 40%
Last Minute Offensive - 0:00
Last Minute Defensive - 0:00
Total
Forward - 60:00
Defense - 60:00
|
Play-by-Play
1st period
0:01 of 1st period - Nick Paul wins face-off versus Logan Brown in neutral zone.
0:04 of 1st period - Slapshot by Ludwig Bystrom.
0:04 of 1st period - Shot Blocked by Dean Kukan.
0:12 of 1st period - Snap shot by Jakub Vrana.
0:12 of 1st period - Shot Misses the Net.
0:31 of 1st period - Snap shot by Scott Wilson.
0:31 of 1st period - Goal by Scott Wilson - Gulls : 1 - Moose : 0.
0:32 of 1st period - Luke Kunin wins face-off versus Mitchell Stephens in neutral zone.
1:08 of 1st period - Off-side.
1:09 of 1st period - Jaret Anderson-Dolan wins face-off versus Morgan Frost in neutral zone.
2:19 of 1st period - Vinni Lettieri is hit by Sergey Tolchinsky and loses puck.
2:52 of 1st period - Vinni Lettieri is hit by Jack Glover and loses puck.
4:11 of 1st period - Slapshot by Lukas Rousek.
4:11 of 1st period - Deflect By Jaret Anderson-Dolan.
4:11 of 1st period - Deflect By Sergey Tolchinsky.
4:11 of 1st period - Stopped by Louis Domingue with a rebound.
4:42 of 1st period - Off-side.
4:43 of 1st period - Jake Leschyshyn wins face-off versus Logan Brown in neutral zone.
4:58 of 1st period - Slapshot by Julien Gauthier.
4:58 of 1st period - Stopped by Louis Domingue without a rebound.
4:59 of 1st period - Mitchell Stephens wins face-off versus Luke Kunin in Gulls zone.
5:04 of 1st period - Snap shot by Kieffer Bellows.
5:04 of 1st period - Shot Misses the Net.
5:06 of 1st period - Slapshot by Matthew Benning.
5:06 of 1st period - Shot Blocked by Tarmo Reunanen.
5:31 of 1st period - Snap shot by Julien Gauthier.
5:31 of 1st period - Stopped by Louis Domingue without a rebound.
5:32 of 1st period - Jake Leschyshyn wins face-off versus Logan Brown in Gulls zone.
5:45 of 1st period - Backhand shot by Logan Brown.
5:45 of 1st period - Shot Misses the Net.
6:19 of 1st period - Slapshot by Morgan Frost.
6:19 of 1st period - Shot Misses the Net.
6:21 of 1st period - Wrist shot by Sergey Tolchinsky.
6:21 of 1st period - Shot Blocked by Jaret Anderson-Dolan.
6:23 of 1st period - Wrist shot by Sergey Tolchinsky.
6:23 of 1st period - Stopped by Filip Gustavsson with a rebound.
6:39 of 1st period - Connor Clifton is hit by Matthew Benning and loses puck.
7:18 of 1st period - Snap shot by Anton Blidh.
7:18 of 1st period - Stopped by Filip Gustavsson with a rebound.
7:29 of 1st period - Dylan DeMelo is hit by Boris Katchouk and loses puck.
7:46 of 1st period - Snap shot by Sergey Tolchinsky.
7:46 of 1st period - Deflect By Scott Wilson.
7:46 of 1st period - Stopped by Filip Gustavsson with a rebound.
7:48 of 1st period - Slapshot by Jack Glover.
7:48 of 1st period - Shot Blocked by Joey Keane.
7:50 of 1st period - Wrist shot by Morgan Frost.
7:50 of 1st period - Shot Misses the Net.
8:00 of 1st period - Wrist shot by Nick Paul.
8:00 of 1st period - Stopped by Louis Domingue with a rebound.
8:02 of 1st period - Snap shot by Julien Gauthier.
8:02 of 1st period - Stopped by Louis Domingue without a rebound.
8:03 of 1st period - Jake Leschyshyn wins face-off versus Barrett Hayton in Gulls zone.
8:32 of 1st period - Snap shot by Barrett Hayton.
8:32 of 1st period - Shot Misses the Net.
8:46 of 1st period - Matthew Benning is hit by Anton Blidh and loses puck.
8:55 of 1st period - Backhand shot by Kristian Vesalainen.
8:55 of 1st period - Stopped by Louis Domingue with a rebound.
9:15 of 1st period - Slapshot by Scott Wilson.
9:15 of 1st period - Stopped by Filip Gustavsson without a rebound.
9:16 of 1st period - Logan Brown wins face-off versus Chase De Leo in Moose zone.
9:44 of 1st period - Off-side.
9:45 of 1st period - Morgan Frost wins face-off versus Jake Leschyshyn in neutral zone.
9:50 of 1st period - Snap shot by Scott Wilson.
9:50 of 1st period - Stopped by Filip Gustavsson with a rebound.
9:52 of 1st period - Snap shot by Morgan Frost.
9:52 of 1st period - Stopped by Filip Gustavsson with a rebound.
10:07 of 1st period - Icing by Matthew Benning.
10:08 of 1st period - Mitchell Stephens wins face-off versus Logan Brown in Moose zone.
10:15 of 1st period - Snap shot by Boris Katchouk.
10:15 of 1st period - Shot Misses the Net.
10:23 of 1st period - Slapshot by Ludwig Bystrom.
10:23 of 1st period - Shot Blocked by Jakub Vrana.
10:33 of 1st period - Nick Paul is hit by Luke Kunin and loses puck.
11:02 of 1st period - Wrist shot by Scott Wilson.
11:02 of 1st period - Stopped by Filip Gustavsson with a rebound.
11:29 of 1st period - Icing by Tarmo Reunanen.
11:30 of 1st period - Logan Brown wins face-off versus Mitchell Stephens in Gulls zone.
11:57 of 1st period - Snap shot by Luke Kunin.
11:57 of 1st period - Stopped by Filip Gustavsson with a rebound.
12:11 of 1st period - Henri Ikonen is hit by Ludwig Bystrom and loses puck.
12:55 of 1st period - Slapshot by Boris Katchouk.
12:55 of 1st period - Stopped by Louis Domingue without a rebound.
12:56 of 1st period - Logan Brown wins face-off versus Jake Leschyshyn in Gulls zone.
13:01 of 1st period - Snap shot by Logan Brown.
13:01 of 1st period - Stopped by Filip Gustavsson without a rebound.
13:02 of 1st period - Logan Brown wins face-off versus Jake Leschyshyn in Moose zone.
13:27 of 1st period - Jakub Vrana is hit by Caleb Jones and loses puck.
13:34 of 1st period - Wrist shot by Dean Kukan.
13:34 of 1st period - Shot Blocked by Jaret Anderson-Dolan.
13:36 of 1st period - Slapshot by Dean Kukan.
13:36 of 1st period - Stopped by Filip Gustavsson without a rebound.
13:37 of 1st period - Jake Leschyshyn wins face-off versus Morgan Frost in Moose zone.
13:37 of 1st period - Jake Leschyshyn is hit by Sergey Tolchinsky.
13:47 of 1st period - Sergey Tolchinsky is hit by Ludwig Bystrom and loses puck.
14:24 of 1st period - Snap shot by Boris Katchouk.
14:24 of 1st period - Stopped by Louis Domingue with a rebound.
14:26 of 1st period - Slapshot by Ludwig Bystrom.
14:26 of 1st period - Stopped by Louis Domingue with a rebound.
14:28 of 1st period - Slapshot by Mitchell Stephens.
14:28 of 1st period - Goal by Mitchell Stephens - Gulls : 1 - Moose : 1.
14:29 of 1st period - Logan Brown wins face-off versus Jake Leschyshyn in neutral zone.
14:34 of 1st period - Snap shot by Logan Brown.
14:34 of 1st period - Stopped by Filip Gustavsson without a rebound.
14:35 of 1st period - Logan Brown wins face-off versus Jake Leschyshyn in Moose zone.
14:36 of 1st period - Slapshot by Anton Blidh.
14:36 of 1st period - Shot Misses the Net.
16:31 of 1st period - Minor Penalty to Ludwig Bystrom for Roughing.
16:32 of 1st period - Jake Leschyshyn wins face-off versus Logan Brown in Moose zone.
16:46 of 1st period - Slapshot by Anton Blidh.
16:46 of 1st period - Deflect By Jakub Vrana.
16:46 of 1st period - Shot Blocked by Jake Leschyshyn.
16:46 of 1st period - Puck is out of play.
16:47 of 1st period - Jake Leschyshyn wins face-off versus Logan Brown in Moose zone.
17:57 of 1st period - Anton Blidh is hit by Anders Bjork and loses puck.
18:31 of 1st period - Penalty to Ludwig Bystrom is over, Ludwig Bystrom is back on ice.
Goals for this period are 1 for Gulls vs 1 for Moose.
Shots for this period are 12 for Gulls vs 10 for Moose.
2nd period
0:01 of 2nd period - Logan Brown wins face-off versus Jake Leschyshyn in neutral zone.
0:06 of 2nd period - Snap shot by Logan Brown.
0:06 of 2nd period - Shot Misses the Net.
0:23 of 2nd period - Minor Penalty to Logan Brown for Diving.
0:24 of 2nd period - Jake Leschyshyn wins face-off versus Sergey Tolchinsky in Gulls zone.
0:27 of 2nd period - Snap shot by Nick Paul.
0:27 of 2nd period - Shot Misses the Net.
0:37 of 2nd period - Snap shot by Anton Blidh.
0:37 of 2nd period - Shot Misses the Net.
0:39 of 2nd period - Slapshot by Andrei Mironov.
0:39 of 2nd period - Stopped by Filip Gustavsson without a rebound.
0:40 of 2nd period - Jake Leschyshyn wins face-off versus Sergey Tolchinsky in Moose zone.
0:45 of 2nd period - Slapshot by Ludwig Bystrom.
0:45 of 2nd period - Shot Misses the Net.
2:23 of 2nd period - Penalty to Logan Brown is over, Logan Brown is back on ice.
4:02 of 2nd period - Icing by Matthew Benning.
4:03 of 2nd period - Chase De Leo wins face-off versus Logan Brown in Moose zone.
4:03 of 2nd period - Chase De Leo is hit by Jakub Vrana.
4:11 of 2nd period - Wrist shot by Anton Blidh.
4:11 of 2nd period - Goal by Anton Blidh - Gulls : 2 - Moose : 1.
4:12 of 2nd period - Logan Brown wins face-off versus Nick Paul in neutral zone.
4:15 of 2nd period - Julien Gauthier is hit by Logan Brown and loses puck.
4:28 of 2nd period - Snap shot by Julien Gauthier.
4:28 of 2nd period - Stopped by Louis Domingue without a rebound.
4:29 of 2nd period - Morgan Frost wins face-off versus Chase De Leo in Gulls zone.
5:18 of 2nd period - Wrist shot by Lukas Rousek.
5:18 of 2nd period - Deflect By Jaret Anderson-Dolan.
5:18 of 2nd period - Stopped by Louis Domingue without a rebound.
5:19 of 2nd period - Jaret Anderson-Dolan wins face-off versus Luke Kunin in Gulls zone.
5:28 of 2nd period - Josh Mahura is hit by Henri Ikonen and loses puck.
5:53 of 2nd period - Backhand shot by Anton Blidh.
5:53 of 2nd period - Shot Blocked by Josh Mahura.
6:31 of 2nd period - Snap shot by Boris Katchouk.
6:31 of 2nd period - Stopped by Louis Domingue with a rebound.
7:01 of 2nd period - Kristian Vesalainen is hit by Troy Terry.
7:13 of 2nd period - Backhand shot by Andrei Mironov.
7:13 of 2nd period - Stopped by Filip Gustavsson with a rebound.
7:49 of 2nd period - Minor Penalty to Caleb Jones for Tripping.
7:50 of 2nd period - Jake Leschyshyn wins face-off versus Logan Brown in Moose zone.
8:55 of 2nd period - Sergey Tolchinsky is hit by Jake Leschyshyn.
9:49 of 2nd period - Penalty to Caleb Jones is over, Caleb Jones is back on ice.
9:53 of 2nd period - Matthew Benning is hit by Troy Terry and loses puck.
10:08 of 2nd period - Wrist shot by Boris Katchouk.
10:08 of 2nd period - Stopped by Louis Domingue without a rebound.
10:09 of 2nd period - Mitchell Stephens wins face-off versus Henri Ikonen in Gulls zone.
10:12 of 2nd period - Snap shot by Boris Katchouk.
10:12 of 2nd period - Shot Misses the Net.
11:25 of 2nd period - Snap shot by Jake Leschyshyn.
11:25 of 2nd period - Shot Misses the Net.
11:27 of 2nd period - Snap shot by Joey Keane.
11:27 of 2nd period - Stopped by Louis Domingue without a rebound.
11:28 of 2nd period - Morgan Frost wins face-off versus Chase De Leo in Gulls zone.
12:17 of 2nd period - Dean Kukan is hit by Jaret Anderson-Dolan and loses puck.
12:34 of 2nd period - Snap shot by Mikhail Maltsev.
12:34 of 2nd period - Shot Misses the Net.
12:36 of 2nd period - Slapshot by Nick Merkley.
12:36 of 2nd period - Shot Blocked by Chase De Leo.
12:40 of 2nd period - Wrist shot by Mikhail Maltsev.
12:40 of 2nd period - Shot Misses the Net.
13:22 of 2nd period - Slapshot by Sergey Tolchinsky.
13:22 of 2nd period - Shot Misses the Net.
13:24 of 2nd period - Snap shot by Sergey Tolchinsky.
13:24 of 2nd period - Stopped by Filip Gustavsson without a rebound.
13:25 of 2nd period - Jake Leschyshyn wins face-off versus Logan Brown in Moose zone.
13:50 of 2nd period - Dean Kukan is hit by Lukas Rousek and loses puck.
13:59 of 2nd period - Slapshot by Lukas Rousek.
13:59 of 2nd period - Deflect By Kristian Vesalainen.
13:59 of 2nd period - Stopped by Louis Domingue without a rebound.
14:00 of 2nd period - Morgan Frost wins face-off versus Jake Leschyshyn in Gulls zone.
14:57 of 2nd period - Wrist shot by Nick Merkley.
14:57 of 2nd period - Stopped by Filip Gustavsson with a rebound.
15:31 of 2nd period - Snap shot by Scott Wilson.
15:31 of 2nd period - Stopped by Filip Gustavsson without a rebound.
15:32 of 2nd period - Julien Gauthier wins face-off versus Morgan Frost in Moose zone.
15:57 of 2nd period - Jakub Vrana is hit by Chase De Leo and loses puck.
16:02 of 2nd period - Wrist shot by Chase De Leo.
16:02 of 2nd period - Stopped by Louis Domingue with a rebound.
16:04 of 2nd period - Snap shot by Joey Keane.
16:04 of 2nd period - Stopped by Louis Domingue without a rebound.
16:05 of 2nd period - Jake Leschyshyn wins face-off versus Logan Brown in Gulls zone.
16:36 of 2nd period - Snap shot by Anders Bjork.
16:36 of 2nd period - Stopped by Louis Domingue with a rebound.
17:30 of 2nd period - Slapshot by Ludwig Bystrom.
17:30 of 2nd period - Stopped by Louis Domingue without a rebound.
17:31 of 2nd period - Logan Brown wins face-off versus Jake Leschyshyn in Gulls zone.
17:31 of 2nd period - Logan Brown is hit by Caleb Jones.
17:54 of 2nd period - Icing by Caleb Jones.
17:55 of 2nd period - Chase De Leo wins face-off versus Morgan Frost in Moose zone.
17:55 of 2nd period - Chase De Leo is hit by Sergey Tolchinsky.
18:07 of 2nd period - Wrist shot by Morgan Frost.
18:07 of 2nd period - Stopped by Filip Gustavsson without a rebound.
18:08 of 2nd period - Logan Brown wins face-off versus Jake Leschyshyn in Moose zone.
18:09 of 2nd period - Snap shot by Anton Blidh.
18:09 of 2nd period - Stopped by Filip Gustavsson without a rebound.
18:10 of 2nd period - Logan Brown wins face-off versus Jake Leschyshyn in Moose zone.
18:25 of 2nd period - Wrist shot by Anton Blidh.
18:25 of 2nd period - Stopped by Filip Gustavsson with a rebound.
18:43 of 2nd period - Slapshot by Anders Bjork.
18:43 of 2nd period - Shot Misses the Net.
18:45 of 2nd period - Slapshot by Chase De Leo.
18:45 of 2nd period - Stopped by Louis Domingue without a rebound.
18:46 of 2nd period - Logan Brown wins face-off versus Jake Leschyshyn in Gulls zone.
18:55 of 2nd period - Logan Brown is hit by Jake Leschyshyn.
19:13 of 2nd period - Wrist shot by Chase De Leo.
19:13 of 2nd period - Deflect By Anders Bjork.
19:13 of 2nd period - Shot Misses the Net.
19:13 of 2nd period - Puck is out of play.
19:14 of 2nd period - Chase De Leo wins face-off versus Morgan Frost in Gulls zone.
19:36 of 2nd period - Minor Penalty to Scott Wilson for Tripping.
19:37 of 2nd period - Jake Leschyshyn wins face-off versus Logan Brown in Gulls zone.
Goals for this period are 1 for Gulls vs 0 for Moose.
Shots for this period are 9 for Gulls vs 11 for Moose.
3rd period
0:01 of 3rd period - Jake Leschyshyn wins face-off versus Logan Brown in neutral zone.
0:04 of 3rd period - Snap shot by Ludwig Bystrom.
0:04 of 3rd period - Stopped by Louis Domingue without a rebound.
0:05 of 3rd period - Jake Leschyshyn wins face-off versus Logan Brown in Gulls zone.
0:06 of 3rd period - Snap shot by Nick Paul.
0:06 of 3rd period - Shot Misses the Net.
0:08 of 3rd period - Snap shot by Jake Leschyshyn.
0:08 of 3rd period - Shot Misses the Net.
0:18 of 3rd period - Slapshot by Julien Gauthier.
0:18 of 3rd period - Stopped by Louis Domingue with a rebound.
0:20 of 3rd period - Snap shot by Nick Paul.
0:20 of 3rd period - Shot Misses the Net.
1:36 of 3rd period - Penalty to Scott Wilson is over, Scott Wilson is back on ice.
1:41 of 3rd period - Snap shot by Scott Wilson.
1:41 of 3rd period - Shot Misses the Net.
1:47 of 3rd period - Scott Wilson is hit by Ludwig Bystrom and loses puck.
1:52 of 3rd period - Snap shot by Mitchell Stephens.
1:52 of 3rd period - Shot Misses the Net.
2:08 of 3rd period - Jaret Anderson-Dolan is hit by Troy Terry and loses puck.
2:39 of 3rd period - Off-side.
2:40 of 3rd period - Morgan Frost wins face-off versus Chase De Leo in neutral zone.
2:43 of 3rd period - Chase De Leo is hit by Scott Wilson and loses puck.
2:58 of 3rd period - Morgan Frost is hit by Caleb Jones and loses puck.
3:15 of 3rd period - Slapshot by Vinni Lettieri.
3:15 of 3rd period - Deflect By Anders Bjork.
3:15 of 3rd period - Shot Blocked by Connor Clifton.
3:15 of 3rd period - Puck is out of play.
3:16 of 3rd period - Jake Leschyshyn wins face-off versus Logan Brown in Gulls zone.
3:25 of 3rd period - Snap shot by Logan Brown.
3:25 of 3rd period - Stopped by Filip Gustavsson without a rebound.
3:26 of 3rd period - Jake Leschyshyn wins face-off versus Logan Brown in Moose zone.
3:33 of 3rd period - Snap shot by Julien Gauthier.
3:33 of 3rd period - Stopped by Louis Domingue with a rebound.
3:35 of 3rd period - Slapshot by Matthew Benning.
3:35 of 3rd period - Stopped by Louis Domingue with a rebound.
3:37 of 3rd period - Slapshot by Matthew Benning.
3:37 of 3rd period - Stopped by Louis Domingue with a rebound.
3:39 of 3rd period - Slapshot by Matthew Benning.
3:39 of 3rd period - Deflect By Jake Leschyshyn.
3:39 of 3rd period - Shot Blocked by Anton Blidh.
3:39 of 3rd period - Puck is out of play.
3:40 of 3rd period - Jake Leschyshyn wins face-off versus Logan Brown in Gulls zone.
3:56 of 3rd period - Off-side.
3:57 of 3rd period - Morgan Frost wins face-off versus Chase De Leo in neutral zone.
4:00 of 3rd period - Wrist shot by Sergey Tolchinsky.
4:00 of 3rd period - Shot Hit the Post.
4:02 of 3rd period - Snap shot by Scott Wilson.
4:02 of 3rd period - Stopped by Filip Gustavsson with a rebound.
4:04 of 3rd period - Slapshot by Scott Wilson.
4:04 of 3rd period - Shot Blocked by Matthew Benning.
4:06 of 3rd period - Slapshot by Morgan Frost.
4:06 of 3rd period - Shot Blocked by Anders Bjork.
4:08 of 3rd period - Slapshot by Andrei Mironov.
4:08 of 3rd period - Shot Misses the Net.
4:10 of 3rd period - Snap shot by Scott Wilson.
4:10 of 3rd period - Shot Misses the Net.
4:12 of 3rd period - Slapshot by Andrei Mironov.
4:12 of 3rd period - Deflect By Ludwig Bystrom.
4:12 of 3rd period - Stopped by Filip Gustavsson with a rebound.
4:18 of 3rd period - Minor Penalty to Anders Bjork for Holding.
4:19 of 3rd period - Jake Leschyshyn wins face-off versus Logan Brown in Moose zone.
4:56 of 3rd period - Caleb Jones is hit by Scott Wilson and loses puck.
5:56 of 3rd period - Anton Blidh is hit by Ludwig Bystrom and loses puck.
6:18 of 3rd period - Penalty to Anders Bjork is over, Anders Bjork is back on ice.
6:31 of 3rd period - Snap shot by Mitchell Stephens.
6:31 of 3rd period - Stopped by Louis Domingue without a rebound.
6:32 of 3rd period - Mitchell Stephens wins face-off versus Luke Kunin in Gulls zone.
6:59 of 3rd period - Snap shot by Julien Gauthier.
6:59 of 3rd period - Stopped by Louis Domingue with a rebound.
7:01 of 3rd period - Slapshot by Nick Paul.
7:01 of 3rd period - Shot Blocked by Mikhail Maltsev.
7:03 of 3rd period - Wrist shot by Jake Leschyshyn.
7:03 of 3rd period - Shot Blocked by Nick Merkley.
7:15 of 3rd period - Snap shot by Barrett Hayton.
7:15 of 3rd period - Stopped by Filip Gustavsson with a rebound.
7:50 of 3rd period - Wrist shot by Logan Brown.
7:50 of 3rd period - Shot Blocked by Kieffer Bellows.
8:00 of 3rd period - Juuso Valimaki is hit by Morgan Frost and loses puck.
8:05 of 3rd period - Wrist shot by Morgan Frost.
8:05 of 3rd period - Shot Misses the Net.
8:33 of 3rd period - Matthew Benning is hit by Henri Ikonen.
8:39 of 3rd period - Snap shot by Boris Katchouk.
8:39 of 3rd period - Stopped by Louis Domingue without a rebound.
8:40 of 3rd period - Logan Brown wins face-off versus Jake Leschyshyn in Gulls zone.
8:40 of 3rd period - Logan Brown is hit by Julien Gauthier.
9:06 of 3rd period - Snap shot by Vinni Lettieri.
9:06 of 3rd period - Shot Misses the Net.
9:08 of 3rd period - Snap shot by Vinni Lettieri.
9:08 of 3rd period - Stopped by Louis Domingue with a rebound.
9:10 of 3rd period - Slapshot by Joey Keane.
9:10 of 3rd period - Deflect By Vinni Lettieri.
9:10 of 3rd period - Stopped by Louis Domingue with a rebound.
9:12 of 3rd period - Snap shot by Vinni Lettieri.
9:12 of 3rd period - Deflect By Chase De Leo.
9:12 of 3rd period - Shot Misses the Net.
9:12 of 3rd period - Puck is out of play.
9:13 of 3rd period - Chase De Leo wins face-off versus Morgan Frost in Gulls zone.
9:14 of 3rd period - Snap shot by Anders Bjork.
9:14 of 3rd period - Shot Blocked by Morgan Frost.
9:16 of 3rd period - Minor Penalty to Morgan Frost for Tripping.
9:17 of 3rd period - Jake Leschyshyn wins face-off versus Logan Brown in Gulls zone.
9:28 of 3rd period - Slapshot by Jake Leschyshyn.
9:28 of 3rd period - Stopped by Louis Domingue without a rebound.
9:29 of 3rd period - Logan Brown wins face-off versus Jake Leschyshyn in Gulls zone.
9:29 of 3rd period - Logan Brown is hit by Ludwig Bystrom.
9:50 of 3rd period - Icing by Nick Paul.
9:51 of 3rd period - Logan Brown wins face-off versus Jake Leschyshyn in Moose zone.
9:52 of 3rd period - Snap shot by Anton Blidh.
9:52 of 3rd period - Stopped by Filip Gustavsson without a rebound.
9:53 of 3rd period - Logan Brown wins face-off versus Jake Leschyshyn in Moose zone.
10:30 of 3rd period - Wrist shot by Anders Bjork.
10:30 of 3rd period - Stopped by Louis Domingue without a rebound.
10:31 of 3rd period - Logan Brown wins face-off versus Chase De Leo in Gulls zone.
10:38 of 3rd period - Wrist shot by Logan Brown.
10:38 of 3rd period - Deflect By Anton Blidh.
10:38 of 3rd period - Goal by Anton Blidh - Gulls : 3 - Moose : 1.
10:39 of 3rd period - Jake Leschyshyn wins face-off versus Logan Brown in neutral zone.
11:04 of 3rd period - Anders Bjork is hit by Dean Kukan and loses puck.
11:09 of 3rd period - Wrist shot by Sergey Tolchinsky.
11:09 of 3rd period - Deflect By Barrett Hayton.
11:09 of 3rd period - Shot Blocked by Vinni Lettieri.
11:09 of 3rd period - Puck is out of play.
11:10 of 3rd period - Jake Leschyshyn wins face-off versus Barrett Hayton in Moose zone.
11:16 of 3rd period - Penalty to Morgan Frost is over, Morgan Frost is back on ice.
11:21 of 3rd period - Slapshot by Juuso Valimaki.
11:21 of 3rd period - Shot Blocked by Barrett Hayton.
11:23 of 3rd period - Snap shot by Jake Leschyshyn.
11:23 of 3rd period - Shot Misses the Net.
11:25 of 3rd period - Snap shot by Julien Gauthier.
11:25 of 3rd period - Moose goal is going for a video replay.
11:25 of 3rd period - The goal is refused. The attacking player has interfered with a goalkeeper in his goal crease..
11:26 of 3rd period - Logan Brown wins face-off versus Chase De Leo in Gulls zone.
12:15 of 3rd period - Snap shot by Luke Kunin.
12:15 of 3rd period - Shot Misses the Net.
12:17 of 3rd period - Wrist shot by Dean Kukan.
12:17 of 3rd period - Shot Misses the Net.
12:19 of 3rd period - Slapshot by Andrei Mironov.
12:19 of 3rd period - Stopped by Filip Gustavsson without a rebound.
12:20 of 3rd period - Luke Kunin wins face-off versus Chase De Leo in Moose zone.
12:49 of 3rd period - Icing by Julien Gauthier.
12:50 of 3rd period - Jake Leschyshyn wins face-off versus Logan Brown in Moose zone.
13:03 of 3rd period - Snap shot by Anton Blidh.
13:03 of 3rd period - Shot Blocked by Nick Paul.
13:28 of 3rd period - Icing by Nick Paul.
13:29 of 3rd period - Morgan Frost wins face-off versus Jake Leschyshyn in Moose zone.
13:32 of 3rd period - Snap shot by Morgan Frost.
13:32 of 3rd period - Deflect By Jake Leschyshyn.
13:32 of 3rd period - Stopped by Filip Gustavsson without a rebound.
13:33 of 3rd period - Chase De Leo wins face-off versus Morgan Frost in Moose zone.
13:42 of 3rd period - Slapshot by Anders Bjork.
13:42 of 3rd period - Shot Blocked by Dean Kukan.
13:44 of 3rd period - Snap shot by Anders Bjork.
13:44 of 3rd period - Stopped by Louis Domingue without a rebound.
13:45 of 3rd period - Jake Leschyshyn wins face-off versus Logan Brown in Gulls zone.
13:54 of 3rd period - Slapshot by Julien Gauthier.
13:54 of 3rd period - Deflect By Jake Leschyshyn.
13:54 of 3rd period - Stopped by Louis Domingue with a rebound.
13:56 of 3rd period - Snap shot by Jake Leschyshyn.
13:56 of 3rd period - Goal by Jake Leschyshyn - Gulls : 3 - Moose : 2.
13:57 of 3rd period - Jake Leschyshyn wins face-off versus Logan Brown in neutral zone.
13:57 of 3rd period - Jake Leschyshyn is hit by Anton Blidh.
14:01 of 3rd period - Slapshot by Ludwig Bystrom.
14:01 of 3rd period - Stopped by Louis Domingue with a rebound.
14:03 of 3rd period - Minor Penalty to Logan Brown for Tripping.
14:04 of 3rd period - Jake Leschyshyn wins face-off versus Sergey Tolchinsky in Gulls zone.
14:37 of 3rd period - Slapshot by Matthew Benning.
14:37 of 3rd period - Shot Misses the Net.
14:39 of 3rd period - Snap shot by Anders Bjork.
14:39 of 3rd period - Goal by Anders Bjork - Gulls : 3 - Moose : 3.
14:40 of 3rd period - Jake Leschyshyn wins face-off versus Morgan Frost in neutral zone.
15:12 of 3rd period - Snap shot by Anders Bjork.
15:12 of 3rd period - Shot Misses the Net.
15:34 of 3rd period - Snap shot by Anton Blidh.
15:34 of 3rd period - Stopped by Filip Gustavsson with a rebound.
15:36 of 3rd period - Minor Penalty to Caleb Jones for Roughing.
15:37 of 3rd period - Logan Brown wins face-off versus Jake Leschyshyn in Moose zone.
16:10 of 3rd period - Slapshot by Dylan DeMelo.
16:10 of 3rd period - Stopped by Filip Gustavsson with a rebound.
16:12 of 3rd period - Slapshot by Jack Glover.
16:12 of 3rd period - Stopped by Filip Gustavsson with a rebound.
17:36 of 3rd period - Penalty to Caleb Jones is over, Caleb Jones is back on ice.
18:38 of 3rd period - Nick Paul is hit by Nick Merkley and loses puck.
19:03 of 3rd period - Julien Gauthier is hit by Logan Brown and loses puck.
19:41 of 3rd period - Logan Brown is hit by Jaret Anderson-Dolan and loses puck.
Goals for this period are 1 for Gulls vs 2 for Moose.
Shots for this period are 11 for Gulls vs 18 for Moose.
Overtime #1
0:01 of 1st overtime period - Chase De Leo wins face-off versus Scott Wilson in neutral zone.
0:10 of 1st overtime period - Snap shot by Chase De Leo.
0:10 of 1st overtime period - Shot Misses the Net.
0:12 of 1st overtime period - Wrist shot by Jake Leschyshyn.
0:12 of 1st overtime period - Shot Blocked by Dean Kukan.
0:14 of 1st overtime period - Snap shot by Jake Leschyshyn.
0:14 of 1st overtime period - Shot Blocked by Scott Wilson.
3:20 of 1st overtime period - Snap shot by Morgan Frost.
3:20 of 1st overtime period - Shot Blocked by Ludwig Bystrom.
Goals for this period are 0 for Gulls vs 0 for Moose.
Shots for this period are 0 for Gulls vs 0 for Moose.
ShootOut
5:00 of 1st overtime period - Round #1.
5:00 of 1st overtime period - Gulls, Jakub Vrana.
5:00 of 1st overtime period - Snap shot by Jakub Vrana.
5:00 of 1st overtime period - Goal by Jakub Vrana.
5:00 of 1st overtime period - Moose, Jake Leschyshyn.
5:00 of 1st overtime period - Snap shot by Jake Leschyshyn.
5:00 of 1st overtime period - Shot Misses the Net.
5:00 of 1st overtime period - Round #2.
5:00 of 1st overtime period - Gulls, Logan Brown.
5:00 of 1st overtime period - Deke by Logan Brown.
5:00 of 1st overtime period - Stopped by Filip Gustavsson.
5:00 of 1st overtime period - Moose, Chase De Leo.
5:00 of 1st overtime period - Wrist shot by Chase De Leo.
5:00 of 1st overtime period - Shot Misses the Net.
5:00 of 1st overtime period - Round #3.
5:00 of 1st overtime period - Gulls, Scott Wilson.
5:00 of 1st overtime period - Wrist shot by Scott Wilson.
5:00 of 1st overtime period - Stopped by Filip Gustavsson.
5:00 of 1st overtime period - Moose, Nick Paul.
5:00 of 1st overtime period - Wrist shot by Nick Paul.
5:00 of 1st overtime period - Stopped by Louis Domingue.